 Dungeon Crawl Stone Soup version 0.14-a0-1330-g3eed206 (webtiles) character file.

25 4tharraofdagon the Vexing (level 2, -2/13 HPs)
             Began as a Spriggan Enchanter on Dec 6, 2013.
             Slain by an orc (5 damage)
             ... on Level 4 of the Dungeon.
             The game lasted 00:01:43 (327 turns).

4tharraofdagon the Vexing (Spriggan Enchanter)       Turns: 327, Time: 00:01:44

HP  -2/13        AC  3     Str  4      XL: 2   Next: 17%
MP   7/7         EV 18     Int 16      God:
Gold 14          SH  0     Dex 16      Spells:  2 memorised,  3 levels left

rFire  . . .     SeeInvis +     a - +1 dagger
rCold  . . .     Clarity  .     b - +1 robe
rNeg   . . .     Conserve .     (shield restricted)
rPois  .         rCorr    .     (helmet restricted)
rElec  .         rRot     .     (no cloak)
SustAb . .       Spirit   .     (gloves unavailable)
rMut   .         Warding  .     (boots unavailable)
Saprov . . .     Stasis   .     (no amulet)
                                (no ring)
                                l - ring of wizardry

@: very quick, slightly resistant to hostile enchantments, stealthy
A: unfitting armour, see invisible, herbivore 3, speed 3, slow metabolism 2
a: no special abilities


You were on level 4 of the Dungeon.
You were not hungry.

You visited 1 branch of the dungeon, and saw 5 of its levels.

You collected 14 gold pieces.

Inventory:

Hand weapons
 a - a +1,+1 dagger (weapon)
Missiles
 d - 12 darts (quivered)
Armour
 b - a +1 robe (worn)
Comestibles
 g - a bread ration
 i - an apple
Scrolls
 f - a scroll of random uselessness {unknown}
 h - a scroll of curse jewellery {unknown}
 j - a scroll of enchant weapon I {unknown}
 k - a scroll of identify {unknown}
Jewellery
 l - a ring of wizardry (left hand)
Potions
 e - a potion of porridge
Books
 c - a book of Maledictions

   Spells                             Type                      Level
   *Corona                            Hexes                        1
   Sure Blade                         Hexes/Charms                 2
   *Ensorcelled Hibernation           Hexes/Ice                    2
   Confuse                            Hexes                        3
   Enslavement                        Hexes                        4
   Invisibility                       Hexes                        6


   Skills:
 * Level 1.9 Short Blades
 - Level 1.1 Throwing
 + Level 3.1 Dodging
 * Level 3.3 Stealth
 + Level 2.8 Spellcasting
 + Level 3.7 Hexes


You had 3 spell levels left.
You knew the following spells:

 Your Spells              Type           Power        Failure   Level  Hunger
a - Corona                Hex            ##.....      2%          1    #......
b - Ensorcelled Hibernat  Hex/Ice        #.....       5%          2    ##.....


Dungeon Overview and Level Annotations

Branches:
Dungeon (5/16)
 Temple: D:4-7

Altars:
Elyvilon


Innate Abilities, Weirdness & Mutations

You are tiny and cannot use many weapons and most armour.
You have supernaturally acute eyesight.
You are a herbivore.
You cover ground extremely quickly.
You need consume almost no food.


Message History

A centaur comes into view.
The centaur shouts!
The centaur wields a bow.
The centaur shoots an arrow.
The arrow hits you!
You see here a scroll labeled LOIDOU LAIMEH.
Unknown command.
Unknown command.
Unknown command.
There is a stone staircase leading up here.
You climb upwards. 2 orcs, an orc priest and an orc wizard come into view.
The orc shouts!
The orc wizard shouts!
You hear a shout!
You hear a shout!
The orc hits you.
* * * LOW HITPOINT WARNING * * *
The orc wizard hits you but does no damage.
Found a scroll labeled GHIMIPRINUM.
A rat and an orc come into view.
There is a stone staircase leading down here.
The orc priest becomes somewhat translucent.
The orc hits you.
You die...

#.>.# #<..# #.#.#
#.#.# #.#.# #.#.#
#.#.#
############r....#
....o.oo@o.?.....
######o#####.....
# .


You could see an orc priest, an orc wizard, 3 orcs and a rat.

Vanquished Creatures
  A giant mite (D:1)
  2 bats
  A hobgoblin (D:5)
  A kobold (D:1)
  A giant newt (D:5)
  A butterfly (D:5)
7 creatures vanquished.

Vanquished Creatures (others)
  A kobold (D:3)
1 creature vanquished.

Grand Total: 8 creatures vanquished

Notes
Turn   | Place    | Note
--------------------------------------------------------------
     0 | D:1      | 4tharraofdagon, the Spriggan Enchanter, began the quest for the Orb.
     0 | D:1      | Reached XP level 1. HP: 9/9 MP: 4/4
   124 | D:2      | Reached XP level 2. HP: 4/13 MP: 7/7
   131 | D:2      | Learned a level 2 spell: Ensorcelled Hibernation
   232 | D:5      | Entered Level 5 of the Dungeon
   246 | D:5      | Found a white marble altar of Elyvilon.
   274 | D:5      | Noticed an ice beast
   309 | D:5      | Noticed a centaur
   327 | D:4      | Slain by an orc

Action                   || total
-------------------------++-------
Melee: Dagger            ||    28
 Cast: Corona            ||     2
       Ensorcelled Hiber ||     1
  Use: Potion            ||     1
 Stab: Sleeping          ||     2
